 Dungeon Crawl Stone Soup version 0.31.0-32-g396128a36d (webtiles) character file.

Game seed: 8669745899876556142

620 KittyFluff the Ruffian (level 7, -10/67 HPs)
             Began as a Troll Shapeshifter on Mar 27, 2024.
             Mangled by a small abomination (21 damage)
             ... on level 1 of the Abyss.
             The game lasted 00:14:16 (2798 turns).

KittyFluff the Ruffian (Troll Shapeshifter)         Turns: 2798, Time: 00:14:17

Health: -10/67     AC:  4    Str: 25    XL:     7   Next: 22%
Magic:  6/6        EV: 10    Int:  6    God:
Gold:   247        SH:  0    Dex:  9    Spells: 4/6 levels left

rFire   . .          .
                       - Unarmed
rCold   . . .        (no shield)
rNeg    . . .        a - +0 animal skin
rPois   .            (helmet currently unavailable)
rElec   .            (cloak currently unavailable)
rCorr   .            (gloves unavailable)
SInv    .            (boots unavailable)
Will    .....        (no amulet)
Stlth   +            (no ring)
HPRegen 1.11/turn    (no ring)
MPRegen 0.10/turn

%: no passive effects
@: beast-form
A: beast (slay +2), large, unfitting armour, claws 3, regeneration 1, shaggy fur
1, tough skin 1
a: Begin Untransformation


You were on level 1 of the Abyss.
You were a hulking beast.
You visited 1 branch of the dungeon, and saw 4 of its levels.
You visited the Abyss 1 time.

You collected 247 gold pieces.

Inventory:

Hand Weapons
 g - a +0 trident
 s - a +1 hand axe of venom
 x - a +0 sling
 A - a +2 dagger of venom
Missiles
 f - 8 poisoned darts
 h - 28 stones (quivered)
 r - 5 javelins
Armour
 a - a +0 animal skin (worn)
 l - a +0 pair of boots
 n - a +0 helmet
Magical Staves
 j - a staff of conjuration
Talismans
 c - a beast talisman
 d - a flux talisman
 z - a granite talisman
Scrolls
 o - a scroll of noise {unknown}
 t - a scroll of enchant armour {unknown}
 v - a scroll of revelation {unknown}
 y - a scroll of blinking {unknown}
Potions
 b - 2 potions of lignification
 e - a potion of cancellation
 i - a potion of brilliance
 k - a potion of enlightenment
 m - a potion of magic
 q - 2 potions of resistance
 u - a potion of mutation
 w - a potion of curing


   Skills:
 + Level 3.0 Fighting
 + Level 2.8 Throwing
 + Level 3.2 Dodging
 + Level 4.5 Unarmed Combat
 + Level 4.3 Shapeshifting


You had 4 spell levels left.
You knew the following spells:

 Your Spells              Type           Power      Damage    Failure   Level
a - Blink                 Tloc           0%         N/A       58%         2

Your spell library contained the following spells:

 Spells                   Type           Power      Damage    Failure   Level
 Magic Dart               Conj           0%         1d3       45%         1
 Call Imp                 Summ           0%         N/A       58%         2
 Tukima's Dance           Hex            0%         N/A       83%         3
 Dimensional Bullseye     Hex/Tloc       0%         N/A       99%         4
 Iskenderun's Mystic Bla  Conj/Tloc      0%         2d3       99%         4


Dungeon Overview and Level Annotations

Branches:
Dungeon (4/15)
 Temple: D:4-7

Altars:
The Shining One

Shops:
D:4 =

Annotations:
D:4 Robin


Innate Abilities, Weirdness & Mutations

You are a hulking beast.
Your limbs bulge with bestial killing power. (Slay +2)
You are too large for most types of armour.
You have claws for hands.
Your natural rate of healing is unusually fast.
You are covered in fur. (AC +1)
You have tough skin. (AC +1)


Message History

The laughing skull is severely damaged.
The laughing skull closely misses you. The laughing skull headbutts you!
You completely miss the laughing skull.
The laughing skull is severely damaged.
The laughing skull gibbers with scorn.
The bolt of negative energy hits you!
You feel drained.
You completely miss the laughing skull.
The laughing skull is severely damaged.
The laughing skull headbutts you.
You claw the laughing skull!
You destroy the laughing skull!
Your life force feels restored.
Your Fighting skill increases to level 3!
You start resting.
A small abomination comes into view.
You closely miss the small abomination.
The small abomination barely misses you.
You scratch the small abomination.
The small abomination is lightly damaged.
The small abomination barely misses you.
You scratch the small abomination but do no damage.
The small abomination is lightly damaged.
The small abomination hits you!
You scratch the small abomination.
The small abomination is lightly damaged.
The small abomination hits you.
You claw the small abomination!
The small abomination is heavily damaged.
The small abomination hits you!
You barely miss the small abomination.
The small abomination is heavily damaged.
The small abomination closely misses you.
You barely miss the small abomination.
The small abomination is heavily damaged.
The small abomination hits you!!
* * * LOW HITPOINT WARNING * * *
You claw the small abomination!
The small abomination is almost destroyed.
The small abomination hits you!!
You die...

.. .... .
..# ## .....
. ...# # .
.. #.....###
#.# .. ....
#........#..
#.# ..... ..
. ##.# .. .#
...### .
.....##...#
. . #.....
#.#.. ## .
.###.## ...#
.###. #h# #
..# . ##x# #
..# ....
...## ..##
... .##


You could see a small abomination.

Vanquished Creatures
  A black bear (D:4)
  A laughing skull (Abyss:1)
  An ogre (D:3)
  An orc priest (D:4)
  A hound (D:4)
  2 orc wizards (D:4)
  4 gnolls (D:3)
  7 adders
  A white imp (D:3)
  A dart slug (D:4)
  4 ribbon worms
  4 orcs (D:4)
  11 ball pythons
  11 endoplasms
  4 giant cockroaches
  14 goblins
  14 hobgoblins
  4 jackals (D:2)
  7 kobolds
  5 quokkas
  4 bats
  2 frilled lizards
  11 rats
115 creatures vanquished.

Vanquished Creatures (others)
  An orc wizard (D:4)
1 creature vanquished.

Grand Total: 116 creatures vanquished

Notes
Turn   | Place    | Note
-------+----------+-------------------------------------------
     0 | D:1      | KittyFluff the Troll Shapeshifter began the quest for the
                  | Orb.
     0 | D:1      | Reached XP level 1. HP: 18/18 MP: 0/0
   121 | D:1      | Reached skill level 1 in Fighting
   130 | D:1      | Reached XP level 2. HP: 27/27 MP: 1/1
   345 | D:1      | Found a faded altar of an unknown god.
   559 | D:2      | Reached XP level 3. HP: 33/33 MP: 2/2
   774 | D:2      | Found a glowing golden altar of the Shining One.
   826 | D:2      | Reached skill level 1 in Throwing
   940 | D:2      | Reached XP level 4. HP: 41/41 MP: 3/3
  1348 | D:2      | Learned a level 2 spell: Blink
  1847 | D:3      | Reached XP level 5. HP: 40/49 MP: 4/4
  1929 | D:3      | Noticed an ogre
  1938 | D:3      | Killed an ogre
  2288 | D:4      | Reached XP level 6. HP: 57/57 MP: 5/5
  2510 | D:4      | Found Giacasha's Jewellery Shoppe.
  2599 | D:4      | Reached XP level 7. HP: 64/66 MP: 6/6
  2663 | D:4      | Noticed Robin
  2740 | Abyss:1  | Found a corrupted altar of Lugonu.
  2740 | Abyss:1  | Cast into level 1 of the Abyss (Robin)
  2798 | Abyss:1  | Mangled by a small abomination

Illustrated notes

Levels and vault maps discovered:
D:1:      evilmike_arrival_hilbert_curve, layout_rooms,
          ebering_ecumenical_altar_rust
D:2:      minmay_chambers_of_ones, layout_basic, basic_altar, st_stairs_12,
          minmay_goblin_outpost
D:3:      layout_loops_corners, minmay_fractal_squares_gapless_5
D:4:      layout_cave_pools, tgw_fedhas, serial_shops, shop,
          saegor_snake_ambush, uniq_robin
Abyss:1:  base:
D:1

Skill      XL: |  1  2  3  4  5  6  7 |
---------------+----------------------+-----
Fighting       | 1 2 3 |  3.0
Dodging        | 2 3 |  3.2
Throwing       | 1 2 |  2.8
Unarmed Combat | 4 |  4.5
Shapeshifting  | 4 |  4.3

Action                     |  1- 3 |  4- 6 |  7- 9 || total
---------------------------+-------+-------+-------++-------
  Melee: Unarmed           |   114 |   123 |    31 ||   268
         Punch             |     1 |     2 |       ||     3
  Throw: Dart              |       |     1 |       ||     1
         Stone             |       |     4 |     4 ||     8
    Use: Scroll            |       |     6 |     1 ||     7
 Armour: Animal skin       |    70 |    89 |    36 ||   195
  Dodge: Dodged            |    63 |    77 |    15 ||   155
